 Dungeon Crawl Stone Soup version 0.24-a0-106-gcea5463 (webtiles) character file.

Game seed: 17960333537616590157

4828 HoiPoloi the Ogre Mage (level 10, -11/98 HPs)
             Began as an Ogre Fire Elementalist on Feb 13, 2019.
             Was an Initiate of Vehumet.
             Mangled by a yak (14 damage)
             ... on level 8 of the Dungeon.
             The game lasted 00:22:43 (10032 turns).

HoiPoloi the Ogre Mage (Ogre Fire Elementalist)    Turns: 10032, Time: 00:22:44

Health: -11/98     AC:  4    Str: 17    XL:     10   Next: 49%
Magic:  15/22      EV: 10    Int: 23    God:    Vehumet [......]
Gold:   337        SH:  0    Dex: 13    Spells: 10/25 levels left

rFire    . . .     SeeInvis .   D - +6 whip "For Azew" {venom, *Slow rC+ Int+7}
rCold    + . .     Gourm    .   (no shield)
rNeg     . . .     Faith    .   a - +0 robe
rPois    .         Spirit   .   (helmet restricted)
rElec    .         Reflect  .   r - +0 cloak
rCorr    .         Harm     .   (gloves unavailable)
MR       +....                  (boots unavailable)
Stlth    ++........             z - amulet of the acrobat
HPRegen  0.26/turn              k - +4 ring of dexterity
MPRegen  0.18/turn              (no ring)

@: hasted, very quick
A: large, unfitting armour, tough skin 1
a: Renounce Religion


You were on level 8 of the Dungeon.
You worshipped Vehumet.
Vehumet was noncommittal.
You were hungry.

You visited 2 branches of the dungeon, and saw 10 of its levels.

You collected 337 gold pieces.

Inventory:

Hand Weapons
 b - a +0 club
 w - a +0 hand axe
 y - a +3 hand axe
 D - the +6 whip "For Azew" (weapon) {venom, *Slow rC+ Int+7}
   (You took it off a centaur on level 6 of the Dungeon)

   It poisons the flesh of those it strikes.
   It affects your intelligence (+7).
   It protects you from cold.
   It may slow you when you take damage.
 G - a +1 scimitar of flaming
 I - a +3 morningstar
 J - a +6 spear
Missiles
 e - 195 stones (quivered)
Armour
 a - a +0 robe (worn)
 r - a +0 cloak (worn)
 E - a scarf of cloud immunity
Jewellery
 k - a +4 ring of dexterity (left hand)
 z - an amulet of the acrobat (around neck)
Wands
 x - a wand of disintegration (15)
Scrolls
 d - 3 scrolls of fear {unknown}
 g - 5 scrolls of remove curse {unknown}
 i - 8 scrolls of identify
 m - a scroll of amnesia {unknown}
 p - a scroll of magic mapping {unknown}
 q - 3 scrolls of teleportation {unknown}
 v - 2 scrolls of immolation {unknown}
 A - a scroll of fog {unknown}
 C - a scroll of enchant armour {unknown}
Potions
 h - a potion of berserk rage
 j - a potion of curing {unknown}
 l - a potion of cancellation {unknown}
 n - a potion of flight {unknown}
 o - a potion of mutation {unknown}
 s - 2 potions of lignification
 t - 2 potions of magic
 u - 2 potions of haste
 B - a potion of resistance {unknown}
 F - a potion of agility {unknown}
 H - a potion of ambrosia {unknown}
Comestibles
 c - 18 rations


   Skills:
 - Level 6.1 Fighting
 - Level 3.6(5.0) Axes
 - Level 4.8(5.3) Maces & Flails
 - Level 1.7 Dodging
 - Level 1.4 Stealth
 + Level 8.3 Spellcasting
 + Level 6.0 Conjurations
 * Level 3.3 Translocations
 + Level 7.0 Fire Magic


You had 10 spell levels left.
You knew the following spells:

 Your Spells              Type           Power        Failure   Level  Hunger
a - Flame Tongue          Conj/Fire      #####        1%          1    None
b - Conjure Flame         Conj/Fire      #####...     1%          3    None
c - Sticky Flame          Conj/Fire      #####...     4%          4    ##.....
d - Fireball              Conj/Fire      #####.....   13%         5    #####..
e - Blink                 Tloc           N/A          2%          2    None

Your spell library contained the following spells:

 Spells                   Type           Power        Failure   Level  Hunger
 Magic Dart               Conj           ####         1%          1    None
 Sting                    Conj/Pois      ###.         1%          1    None
 Throw Flame              Conj/Fire      #####.       1%          2    None
 Inner Flame              Hex/Fire       ####....     4%          3    None
 Beastly Appendage        Tmut           #.....       7%          1    None
 Mephitic Cloud           Conj/Pois/Air  ###.....     9%          3    None
 Call Imp                 Summ           #.......     11%         2    None
 Slow                     Hex            #.......     11%         2    None
 Sticks to Snakes         Tmut           #.......     11%         2    None
 Spider Form              Tmut/Pois      #.........   21%         3    None
 Ice Form                 Ice/Tmut       #.......     56%         4    ##.....
 Blade Hands              Tmut           #.........   88%         5    #####..


Dungeon Overview and Level Annotations

Branches:
Dungeon (9/15)             Temple (1/1) D:6
   Lair: D:8-11         Orc: D:9-12

Altars:
Ashenzari
Cheibriados
Dithmenos
Elyvilon
Fedhas
Gozag
Kikubaaqudgha
Makhleb
Nemelex Xobeh
Okawaru
Qazlal
Ru
Sif Muna
Trog
Uskayaw
Vehumet
Wu Jian
Xom
Yredelemnul
Zin
The Shining One
Lugonu

Annotations:
D:1 exclusion: downstairs
D:3 exclusion: oklob plant
D:4 1 runed translucent door, confidenceinterval's ghost, amateur MfTm
D:5 5 runed translucent doors
D:7 2 transporters


Innate Abilities, Weirdness & Mutations

You are too large for most types of armour.
You have tough skin. (AC +1)


Message History

The yak gores you.
You hit the yak.
The yak is moderately wounded.
The yak burns!
The yak gores you! x2
You hit the yak.
The yak is poisoned.
The yak is heavily wounded.
The yak burns!
The yak stops burning.
You hit the yak.
The yak looks as sick as possible!
The yak is severely wounded.
The yak gores you!
* * * LOW HITPOINT WARNING * * *
The yak gores you!
* * * LOW HITPOINT WARNING * * *
You hit the yak.
The yak looks as sick as possible!
The yak is almost dead.
The yak gores you!
* * * LOW HITPOINT WARNING * * *
The yak completely misses you.
You feel yourself speed up. The yak gores you!
You die...

#################
##############.Y@Y...........#
#..............#############.#
#...############ #.#
#....##############
######.####
#.................#
#......#._.
...##############.#
#.####.#.).
.............).##.# #.# #.##'#
...###########.##.# #.# #.#...
#### #.##.# #.# #.#...


You could see 2 yaks.

Vanquished Creatures
  Erica (D:8)
  Joseph (D:8)
  2 hippogriffs
  A yak (D:9)
  A hungry ghost (D:7)
  Menkaure (D:4)
  An orc warrior (D:7)
  A black bear (D:6)
  2 ice beasts
  4 ogres
  5 centaurs
  A big kobold (D:7)
  3 bullfrogs
  A gnoll sergeant (D:7)
  2 scorpions (D:8)
  A water moccasin skeleton (D:4)
  6 killer bees (D:8)
  5 wights (D:8)
  2 crimson imps (D:6)
  7 hounds
  8 orc wizards
  2 bullfrog skeletons
  3 orc priests
  A centaur skeleton (D:7)
  3 iguanas
  3 worker ants (D:8)
  2 hound zombies (D:6)
  11 adders
  5 gnolls
  An adder zombie (D:5)
  3 adder skeletons
  A worm (D:6)
  A dart slug (D:2)
  5 leopard geckos
  18 orcs
  2 ball pythons
  A giant cockroach (D:4)
  5 goblins
  7 hobgoblins
  5 jackals
  5 quokkas
  A ball python skeleton (D:4)
  4 bats
  A frilled lizard (D:3)
  10 kobolds
  A leopard gecko skeleton (D:7)
  6 rats
163 creatures vanquished.

Vanquished Creatures (others)
  A fire vortex (D:7)
1 creature vanquished.

Grand Total: 164 creatures vanquished

Notes
Turn   | Place    | Note
-------+----------+-------------------------------------------
     0 | D:1      | HoiPoloi the Ogre Fire Elementalist began the quest for the
                  | Orb.
     0 | D:1      | Reached XP level 1. HP: 16/16 MP: 3/3
    12 | D:1      | Reached skill level 1 in Conjurations
   215 | D:1      | Reached XP level 2. HP: 24/24 MP: 0/5
   903 | D:2      | Reached XP level 3. HP: 22/31 MP: 0/7
  1094 | D:2      | Found a faded altar of an unknown god.
  1120 | D:2      | Found a bloodstained altar of Trog.
  1222 | D:2      | Reached skill level 3 in Spellcasting
  1231 | D:2      | Learned a level 3 spell: Conjure Flame
  1400 | D:2      | Found a snail-covered altar of Cheibriados.
  1652 | D:2      | Reached XP level 4. HP: 37/40 MP: 3/8
  1697 | D:2      | Learned a level 4 spell: Sticky Flame
  1847 | D:3      | Found a stormy altar of Qazlal.
  2374 | D:3      | Found a glowing silver altar of Zin.
  2397 | D:3      | Reached XP level 5. HP: 41/46 MP: 10/10
  2458 | D:3      | Found a blossoming altar of Fedhas.
  2471 | D:3      | Noticed an oklob plant
  2599 | D:4      | Reached skill level 1 in Fighting
  2756 | D:4      | Found an iron altar of Okawaru.
  2757 | D:4      | Found a bloodstained altar of Trog.
  2982 | D:4      | Noticed confidenceinterval's ghost (amateur MfTm)
  2983 | D:4      | Found a runed translucent door.
  3018 | D:4      | Noticed Menkaure
  3032 | D:4      | Killed Menkaure
  3032 | D:4      | Reached skill level 1 in Axes
  3032 | D:4      | Reached skill level 4 in Spellcasting
  3032 | D:4      | Reached XP level 6. HP: 53/57 MP: 4/12
  3708 | D:5      | Entered Level 5 of the Dungeon
  3803 | D:5      | Reached XP level 7. HP: 66/66 MP: 7/14
  3849 | D:5      | Found a sacrificial altar of Ru.
  3922 | D:5      | Found a hide-covered altar of Uskayaw.
  4207 | D:5      | Reached skill level 5 in Spellcasting
  4503 | D:5      | Found the +9 staff of Olgreb {rPois}
  4505 | D:5      | Found a runed translucent door.
  4510 | D:5      | Found a runed translucent gate.
  4510 | D:5      | Found a runed translucent gate.
  4510 | D:5      | Noticed a soldier ant
  4510 | D:5      | Noticed a soldier ant
  4510 | D:5      | Noticed a soldier ant
  4511 | D:5      | Found a runed translucent door.
  4565 | D:5      | Reached skill level 5 in Fire Magic
  4576 | D:5      | Reached XP level 8. HP: 72/75 MP: 7/16
  4695 | D:5      | Found an ornate altar of the Wu Jian Council.
  4704 | D:5      | Noticed a hippogriff
  4717 | D:5      | Killed a hippogriff
  4984 | D:5      | Found a runed translucent gate.
  5428 | D:6      | Identified the +6 whip "For Azew" {venom, *Slow rC+ Int+7}
  5443 | D:6      | Reached skill level 6 in Spellcasting
  5687 | D:6      | Learned a level 5 spell: Fireball
  5737 | D:6      | Found a glowing golden altar of the Shining One.
  5965 | D:6      | Found a staircase to the Ecumenical Temple.
  5977 | Temple   | Entered the Ecumenical Temple
  6099 | D:6      | Reached skill level 1 in Maces & Flails
  6406 | D:6      | Found an iron altar of Okawaru.
  6409 | D:6      | Reached XP level 9. HP: 65/85 MP: 18/18
  6763 | D:7      | Reached skill level 5 in Fighting
  7832 | D:7      | Found a transporter.
  7842 | D:7      | Found a transporter.
  7850 | D:7      | Found a sparkling altar of Nemelex Xobeh.
  7850 | D:7      | Found an opulent altar of Gozag.
  7850 | D:7      | Found a burning altar of Makhleb.
  7937 | D:8      | Found a radiant altar of Vehumet.
  7972 | D:8      | Identified Vehumet's Catalogue of Attacks
  7974 | D:8      | Became a worshipper of Vehumet
  8159 | D:8      | Learned a level 2 spell: Blink
  8164 | D:8      | Found an ancient bone altar of Kikubaaqudgha.
  8181 | D:8      | Found a deep blue altar of Sif Muna.
  8190 | D:8      | Reached skill level 5 in Conjurations
  8331 | D:8      | Reached skill level 7 in Spellcasting
  8331 | D:8      | Reached skill level 1 in Translocations
  8646 | D:8      | Reached XP level 10. HP: 98/98 MP: 7/21
  8893 | D:8      | Noticed Joseph
  8914 | D:8      | Killed Joseph
  9187 | D:8      | Noticed Erica
  9203 | D:8      | Killed Erica
  9203 | D:8      | Reached skill level 8 in Spellcasting
 10031 | D:8      | HP: 2/98 [yak (12)]
 10032 | D:8      | Mangled by a yak

Levels and vault maps discovered:
D:1:      minmay_arrival_four_houses, layout_loops_cross
D:2:      layout_rooms, lemuel_round_altar, chequers_ecumenical_altar_grove,
          trog_butcher_becter
D:3:      layout_rooms, nicolae_overflow_crystal_walls, zin_statuary, tgw_fedhas
D:4:      layout_loops_cross, grunt_temple_overflow_bloody_war,
          hellmonk_ghost_happy_afterlife, uniq_menkaure
D:5:      layout_layer_cave, lemuel_doored_altar, marbit_many_paths,
          old_standard_altar, first_ration,
          minmay_guarded_unrand_staff_of_olgreb
D:6:      minmay_angry_zag, layout_rooms, nicolae_overflow_hidden_temple,
          temple_pool_b, okawaru_altar_gauntlet_db
D:7:      layout_rooms, gammafunk_temple_overflow_arena, kennysheep_doodads
D:8:      layout_loops_ring, palyth_temple_overflow_mages,
          nicolae_underground_beach, uniq_erica, uniq_joseph
D:9:      layout_irregular_city, overflow_temple_1_default, orc_0_dummy
Temple:   corrupted_temple

Skill      XL: |  1  2  3  4  5  6  7  8  9 10 |
---------------+-------------------------------+-----
Conjurations   | 1 2 3 4 5 6 |  6.0
Fire Magic     | 3 4 5 6 7 |  7.0
Spellcasting   | 3 4 5 6 7 8 |  8.3
Fighting       | 1 2 3 4 6 |  6.1
Axes           | 1 2 3 |  3.6
Maces & Flails | 2 4 |  4.8
Translocations | 2 3 |  3.3
Dodging        | |  1.7
Stealth        | |  1.4

Action                   |  1- 3 |  4- 6 |  7- 9 | 10-12 || total
-------------------------+-------+-------+-------+-------++-------
Melee: Club              |     8 |     5 |       |       ||    13
       Hand axe          |       |    38 |    26 |       ||    64
       Whip              |       |       |   200 |    44 ||   244
Throw: Stone             |     1 |       |       |       ||     1
 Cast: Flame Tongue      |    46 |    61 |    98 |    14 ||   219
       Sticky Flame      |       |     4 |    14 |     5 ||    23
       Conjure Flame     |       |       |     5 |     1 ||     6
       Fireball          |       |       |       |     1 ||     1
  Use: Scroll            |       |       |     4 |       ||     4
       Potion            |       |       |       |     2 ||     2
 Stab: Sleeping          |       |     4 |       |       ||     4
  Eat: Chunk             |     2 |     7 |    16 |     4 ||    29
       Ration            |       |       |     1 |       ||     1
Armor: Robe              |     7 |    20 |    56 |     5 ||    88
Dodge: Dodged            |    23 |    51 |   147 |    22 ||   243

Table legend:
 A = Non-vault XP
 B = Vault XP
 C = Vault XP percentage of total XP
 D = Non-vault monster count
 E = Vault monster count
 F = Vault count percentage of total count
                 A         B        C        D         E       F
            +---------+---------+-------+---------+---------+-------
      Total |    4916 |    1982 |  28.7 |     136 |      27 |  16.6
            +---------+---------+-------+---------+---------+-------
        D:1 |      15 |       0 |   0.0 |      10 |       0 |   0.0
        D:2 |      74 |       8 |   9.8 |      13 |       4 |  23.5
        D:3 |      68 |       0 |   0.0 |      15 |       0 |   0.0
        D:4 |     216 |     197 |  47.7 |      10 |       2 |  16.7
        D:5 |     962 |      43 |   4.3 |      20 |       1 |   4.8
        D:6 |     748 |     109 |  12.7 |      10 |      11 |  52.4
        D:7 |    1317 |       0 |   0.0 |      29 |       0 |   0.0
        D:8 |    1310 |    1625 |  55.4 |      28 |       9 |  24.3
        D:9 |     206 |       0 |   0.0 |       1 |       0 |   0.0
            +---------+---------+-------+---------+---------+-------
